 Dungeon Crawl Stone Soup version 0.19-b1-4-gd8a0a2a (webtiles) character file.

2949 dohliylev the Covert (level 9, -10/66 HPs)
             Began as a Vampire Assassin on Oct 30, 2016.
             Was a Follower of Nemelex Xobeh.
             Killed from afar by an electric eel (13 damage)
             ... with a bolt of electricity
             ... on level 7 of the Dungeon.
             The game lasted 00:37:30 (6819 turns).

dohliylev the Covert (Vampire Assassin)             Turns: 6819, Time: 00:37:32

Health: -10/66     AC:  4    Str: 10    XL:     9   Next: 51%
Magic:  19/19      EV: 15    Int: 19    God:    Nemelex Xobeh [*.....]
Gold:   314        SH:  5    Dex: 18    Spells: 0 memorised, 8 levels left

rFire  . . .     SeeInvis +     a - +2 dagger (elec)
rCold  . . .     Gourm    .     c - +0 robe
rNeg   + . .     Faith    .     r - +0 buckler
rPois  .         Spirit   .     (no helmet)
rElec  .         Reflect  .     t - +0 cloak
rCorr  .         Harm     .     (no gloves)
MR     .....                    D - +0 pair of boots
Stlth  +++++.....               (no amulet)
                                m - +5 ring of intelligence
                                H - ring of magical power

@: no status effects
A: fangs 3, see invisible, unbreathing
a: Bat Form, Renounce Religion


You were on level 7 of the Dungeon.
You worshipped Nemelex Xobeh.
Nemelex Xobeh was aware of your devotion.
You were not thirsty.

You visited 2 branches of the dungeon, and saw 8 of its levels.

You collected 314 gold pieces.

Inventory:

Hand Weapons
 a - a +2 dagger of electrocution (weapon)
 b - a +0 blowgun
Missiles
 e - 3 poisoned needles
 f - a curare-tipped needle
 v - 8 tomahawks (quivered)
Armour
 c - a +0 robe (worn)
 o - a +2 leather armour of fire resistance
 r - a +0 buckler (worn)
 t - a +0 cloak (worn)
 D - a +0 pair of boots (worn)
Jewellery
 m - a +5 ring of intelligence (right hand)
 H - a ring of magical power (left hand)
Wands
 w - a wand of lightning (8/15)
 z - a wand of acid (8/15)
 M - a wand of flame (28/48)
Scrolls
 d - 3 scrolls of teleportation {unknown}
 i - a scroll of amnesia {unknown}
 j - 5 scrolls of identify
 l - 2 scrolls of immolation {unknown}
 p - 2 scrolls of fog {unknown}
 q - 4 scrolls of enchant weapon
 s - a scroll of enchant armour {unknown}
 A - a scroll of magic mapping {unknown}
 B - a scroll of blinking {unknown}
 N - a scroll of remove curse
 O - a scroll of vulnerability {unknown}
Potions
 g - 14 potions of blood
 h - 3 potions of curing {unknown}
 k - 2 potions of cure mutation {unknown}
 n - 4 potions of degeneration {unknown}
 u - a potion of haste {unknown}
 x - 2 potions of resistance {unknown}
 E - a potion of mutation {unknown}
 F - a potion of lignification {unknown}
 I - a potion of berserk rage {unknown}
 J - a potion of cancellation {unknown}
 L - 2 potions of heal wounds
Books
 C - a book of Changes

   Spells                             Type                      Level
   a - Beastly Appendage              Transmutation                1
   b - Sticks to Snakes               Transmutation                2
   c - Spider Form                    Transmutation/Poison         3
   d - Ice Form                       Ice/Transmutation            4
   e - Blade Hands                    Transmutation                5
Miscellaneous
 y - a plain deck of destruction {drawn: 8}
 G - an ornate deck of summoning
 K - a plain deck of summoning {drawn: 2}


   Skills:
 + Level 4.6 Fighting
 + Level 7.7 Short Blades
 + Level 4.3 Throwing
 + Level 5.1 Dodging
 + Level 12.1 Stealth
 + Level 2.0 Shields
 + Level 1.6 Invocations


You had 8 spell levels left.
You didn't know any spells.

Dungeon Overview and Level Annotations

Branches:
Dungeon (7/15)             Temple (1/1) D:7

Altars:
Ashenzari
Cheibriados
Dithmenos
Elyvilon
Fedhas
Gozag
Hepliaklqana
Kikubaaqudgha
Makhleb
Nemelex Xobeh
Qazlal
Ru
Sif Muna
Trog
Uskayaw
Vehumet
Yredelemnul
Zin
The Shining One


Innate Abilities, Weirdness & Mutations

You have razor-sharp teeth.
You have supernaturally acute eyesight. (SInv)
You can survive without breathing.


Message History

The insubstantial wisp completely resists.
The bolt of electricity hits you!
Your insubstantial wisp thrums sharply.
The plant is struck by lightning.
The lightning arcs!
The insubstantial wisp hits you!
* * * LOW HITPOINT WARNING * * *
The electric eel shoots out a bolt of lightning at you!
The bolt of electricity hits your insubstantial wisp.
Your insubstantial wisp completely resists.
The bolt of electricity hits your insubstantial wisp.
Your insubstantial wisp completely resists.
The bolt of electricity hits you!
* * * LOW HITPOINT WARNING * * *
Your insubstantial wisp misses the electric eel.
The electric eel shoots out a bolt of lightning at you!
The bolt of electricity hits your insubstantial wisp.
Your insubstantial wisp completely resists.
The bolt of electricity hits you!
You die...
Your body disappears without a glow.

≈;≈≈≈≈≈≈♣;...# #....## #.# ##
≈≈≈≈≈≈≈P†♣♣#.###.#### #.#
≈≈≈≈≈≈≈≈♣≈≈#.....## ...
≈≈≈≈≈≈≈≈≈P♣###....## ...
≈≈≈≈≈≈≈≈≈♣♣ ##.....##
;≈≈≈≈≈≈≈P♣♣##...<.._##
≈≈≈≈≈≈≈(;v(..........##...#####
≈≈≈≈≈≈≈≈((♣...)................
≈≈≈≈≈≈≈≈≈≈≈.#v@................
≈≈≈≈≈≈♣≈≈♣≈...#................
≈≈≈≈≈PP≈P♣..........###...####.
≈P≈≈P♣Y≈♣♣...######## .. #.
≈≈♣≈≈≈≈≈≈♣#..# . #. ≈P≈≈≈≈≈≈♣
##.# ##. ≈≈P≈≈♣ #[# #.. ≈≈≈≈♣
#.# #.. #.# ##.####.#


You could see an insubstantial wisp, an electric eel and a friendly
insubstantial wisp.

Vanquished Creatures
  Grinder (D:5)
  3 phantoms
  A black bear (D:7)
  An ice beast (D:5)
  6 ogres
  3 sky beasts
  3 centaurs
  A bullfrog (D:6)
  3 killer bees (D:7)
  3 electric eels (D:7)
  4 crimson imps
  Crazy Yiuf (D:2)
  A bullfrog zombie (D:7)
  2 orc priests (D:6)
  2 hounds (D:7)
  3 orc wizards
  A bullfrog skeleton (D:4)
  An iguana (D:7)
  5 worker ants
  2 hound skeletons
  7 adders
  5 oozes
  An adder zombie (D:5)
  A worm (D:2)
  A dart slug (D:1)
  4 leopard geckos
  12 orcs
  2 ball pythons
  13 giant cockroaches
  6 goblins
  7 hobgoblins
  14 jackals
  4 kobolds
  2 quokkas
  12 bats
  A frilled lizard (D:1)
  A leopard gecko skeleton (D:4)
  25 rats
  2 plants (D:7)
167 creatures vanquished.

Vanquished Creatures (collateral kills)
  Joseph (D:7)
  An electric eel (D:7)
  A worker ant zombie (D:6)
3 creatures vanquished.

Grand Total: 170 creatures vanquished

Notes
Turn   | Place    | Note
-------+----------+-------------------------------------------
     0 | D:1      | dohliylev the Vampire Assassin began the quest for the Orb.
     0 | D:1      | Reached XP level 1. HP: 16/16 MP: 1/1
     1 | D:1      | Found a runed door.
    71 | D:1      | Reached skill level 6 in Stealth
   221 | D:1      | Reached XP level 2. HP: 22/22 MP: 2/2
   789 | D:1      | Reached XP level 3. HP: 21/27 MP: 3/3
   867 | D:1      | Reached skill level 7 in Stealth
  1159 | D:2      | Reached XP level 4. HP: 33/33 MP: 4/4
  1821 | D:2      | Found a runed door.
  1897 | D:2      | Noticed Crazy Yiuf
  1900 | D:2      | Killed Crazy Yiuf
  1900 | D:2      | Reached skill level 8 in Stealth
  1961 | D:3      | Found a faded altar of an unknown god.
  1987 | D:3      | Reached XP level 5. HP: 20/38 MP: 5/5
  2528 | D:4      | Found a faded altar of an unknown god.
  2528 | D:4      | Found a glowing golden altar of the Shining One.
  2534 | D:4      | Found a sacrificial altar of Ru.
  2536 | D:4      | Found a sparkling altar of Nemelex Xobeh.
  2537 | D:4      | Found a faded altar of an unknown god.
  2601 | D:4      | Became a worshipper of Nemelex Xobeh the Trickster
  2698 | D:4      | Noticed an ogre
  2700 | D:4      | Received a gift from Nemelex Xobeh
  2702 | D:4      | Killed an ogre
  2702 | D:4      | Reached XP level 6. HP: 38/46 MP: 6/6
  3106 | D:4      | Reached skill level 5 in Short Blades
  3106 | D:4      | Reached XP level 7. HP: 51/51 MP: 7/7
  3215 | D:5      | Entered Level 5 of the Dungeon
  3217 | D:5      | Reached skill level 9 in Stealth
  3262 | D:5      | Noticed an air elemental
  3323 | D:5      | Noticed Grinder
  3569 | D:5      | Killed Grinder
  3608 | D:5      | Received a gift from Nemelex Xobeh
  3661 | D:5      | Reached skill level 10 in Stealth
  3662 | D:5      | Found a hazy altar of Hepliaklqana.
  3830 | D:5      | Reached skill level 1 in Invocations
  3830 | D:5      | Reached XP level 8. HP: 58/58 MP: 8/8
  4089 | D:5      | Reached skill level 1 in Shields
  4152 | D:5      | Reached skill level 11 in Stealth
  4272 | D:6      | Found an opulent altar of Gozag.
  4274 | D:6      | Reached * piety under Nemelex Xobeh
  4334 | D:6      | Found a shadowy altar of Dithmenos.
  4380 | D:6      | Found a hide-covered altar of Uskayaw.
  4382 | D:6      | Found a deep blue altar of Sif Muna.
  4383 | D:6      | Found a radiant altar of Vehumet.
  4743 | D:6      | Received a gift from Nemelex Xobeh
  5058 | D:6      | Reached XP level 9. HP: 52/65 MP: 10/10
  5521 | D:7      | Noticed a green ugly thing
  5633 | D:7      | Noticed Joseph
  5679 | D:7      | Killed Joseph
  5707 | D:7      | Found a staircase to the Ecumenical Temple.
  5787 | Temple   | Entered the Ecumenical Temple
  6081 | D:7      | Found a blossoming altar of Fedhas.
  6094 | D:7      | Reached skill level 5 in Dodging
  6570 | D:7      | Reached skill level 12 in Stealth
  6818 | D:7      | HP: 3/66 [electric eel/bolt of electricity (9)]
  6819 | D:7      | Killed from afar by an electric eel

Skill      XL: |  1  2  3  4  5  6  7  8  9 |
---------------+----------------------------+-----
Stealth        | 6 7 8 10 11 12 | 12.1
Fighting       | 2 3 4 |  4.6
Short Blades   | 3 4 5 6 7 |  7.7
Dodging        | 2 3 4 5 |  5.1
Throwing       | 2 3 4 |  4.3
Invocations    | 1 |  1.6
Shields        | 1 2 |  2.0

Action                   |  1- 3 |  4- 6 |  7- 9 || total
-------------------------+-------+-------+-------++-------
Melee: Dagger            |   117 |   155 |   211 ||   483
       Bite              |    11 |     8 |    21 ||    40
 Fire: Blowgun           |     3 |     6 |    56 ||    65
Throw: Tomahawk          |       |       |     6 ||     6
 Abil: End Transformatio |       |       |     3 ||     3
       Bat Form          |       |       |     3 ||     3
Evoke: Deck              |       |     1 |     9 ||    10
  Use: Scroll            |       |     2 |     2 ||     4
       Potion            |       |       |     5 ||     5
 Stab: Sleeping          |     9 |    16 |     6 ||    31
       Distracted        |       |       |     3 ||     3
  Eat: Corpse            |     3 |     6 |     2 ||    11
Armor: Robe              |    40 |    21 |    18 ||    79
Dodge: Dodged            |    93 |    53 |    69 ||   215
Block: Buckler           |       |     6 |    23 ||    29
